 Dungeon Crawl Stone Soup version 0.31-a0-986-g5e6e4ef867 (webtiles) character file.

Game seed: 12438358530264831877

9583 Lobster4 the Cleaver (level 11, 0/100 HPs)
             Began as a Hill Orc Fighter on Nov 7, 2023.
             Was a Priest of Makhleb.
             Slain by an ice devil (18 damage)
             ... on level 11 of the Dungeon.
             The game lasted 00:37:09 (11887 turns).

Lobster4 the Cleaver (Hill Orc Fighter)            Turns: 11887, Time: 00:37:10

Health: 0/100      AC: 16    Str: 30    XL:     11   Next: 48%
Magic:  15/15      EV:  9    Int:  8    God:    Makhleb [***...]
Gold:   653        SH: 10    Dex: 10    Spells: 10/10 levels left

rFire   + . .        a - +4 war axe (freeze)
rCold   . . .        m - +0 kite shield
rNeg    . . .        I - +2 scale mail {rF+}
rPois   +            y - +1 helmet
rElec   .            F - +0 cloak
rCorr   .            (no gloves)
SInv    .            g - +1 pair of boots
Will    .....        j - amulet of magic regeneration Stlth
                     z - ring of poison resistance
HPRegen 0.36/turn    u - +6 ring of strength
MPRegen 0.54/turn

%: no passive effects
@: no status effects
A: no striking features
a: Renounce Religion, Minor Destruction, Lesser Servant of Makhleb


You were on level 11 of the Dungeon.
You worshipped Makhleb.
Makhleb was most pleased with you.
You visited 2 branches of the dungeon, and saw 12 of its levels.
You also visited: Sewer.

You collected 653 gold pieces.

Inventory:

Hand Weapons
 a - a +4 war axe of freezing (weapon)
 A - a +5 spear
 E - a +5 flail
 K - a +1 war axe
 N - a +5 spear of freezing
 O - a +2 whip of freezing
Missiles
 n - 15 boomerangs
 o - 14 poisoned darts (quivered)
 Q - 5 javelins
Armour
 b - a +1 plate armour of poison resistance
 c - a +0 buckler
 g - a +1 pair of boots (worn)
 m - a +0 kite shield (worn)
 y - a +1 helmet (worn)
 F - a +0 cloak (worn)
 I - a +2 scale mail of fire resistance (worn)
 M - a +2 ring mail of willpower
Jewellery
 j - an amulet of magic regeneration (around neck)
 u - a +6 ring of strength (right hand)
 z - a ring of poison resistance (left hand)
 C - a ring of positive energy
Talismans
 f - a serpent talisman
Wands
 v - a wand of digging (1)
 w - a wand of quicksilver (4)
 x - a wand of iceblast (10)
Scrolls
 h - 2 scrolls of amnesia
 l - 3 scrolls of fog
 r - a scroll of enchant weapon
 t - a scroll of blinking
 D - a scroll of immolation
 G - 2 scrolls of teleportation
 L - a scroll of revelation
 P - 2 scrolls of identify
Potions
 d - a potion of resistance
 e - 4 potions of heal wounds
 i - 3 potions of haste
 p - a potion of enlightenment
 q - a potion of brilliance
 s - a potion of lignification
 B - 2 potions of curing
 J - a potion of might


   Skills:
 + Level 10.2 Fighting
 + Level 10.7 Axes
 + Level 4.7 Throwing
 + Level 9.3 Armour
 + Level 9.4 Shields
 + Level 6.2 Invocations
 - Level 3.0 Evocations


You had 10 spell levels left.
You didn't know any spells.
Your spell library contained the following spells:

 Spells                   Type           Power      Damage    Failure   Level
 Ensorcelled Hibernation  Hex/Ice        0%         N/A       89%         2
 Passwall                 Tmut/Erth      0%         N/A       89%         2
 Hailstorm                Conj/Ice       0%         3d3       98%         3
 Swiftness                Air            0%         N/A       98%         3
 Tukima's Dance           Hex            0%         N/A       98%         3
 Passage of Golubria      Tloc           0%         N/A       100%        4
 Summon Ice Beast         Ice/Summ       0%         N/A       100%        4
 Yara's Violent Unravell  Hex/Tmut       0%         3d3       100%        5
 Simulacrum               Ice/Necr       0%         N/A       100%        6


Dungeon Overview and Level Annotations

Branches:
Dungeon (11/15)            Temple (1/1) D:7            Lair (0/5) D:11
    Orc (0/2) D:10          Sewer (visited)

Altars:
Ashenzari
Cheibriados
Dithmenos
Elyvilon
Fedhas
Gozag
Hepliaklqana
Kikubaaqudgha
Makhleb
Nemelex Xobeh
Okawaru
Qazlal
Ru
Sif Muna
Trog
Uskayaw
Vehumet
Wu Jian
Xom
Yredelemnul
Zin
The Shining One

Annotations:
D:9 exclusion: ice statue


Message History

You block the ice devil's attack.
You hit the ice devil but do no damage.
The ice devil is severely wounded.
You completely miss the ice devil. You block the ice devil's attack. x2
You slice the ice devil!!
You kill the ice devil!
Makhleb accepts your kill.
You feel better.
You barely miss the ice devil.
The ice devil hits you but does no damage.
You closely miss the ice devil.
The ice devil is moderately wounded.
You block the ice devil's attack.
You completely miss the ice devil.
The ice devil is moderately wounded.
The ice devil barely misses you.
You closely miss the ice devil.
The ice devil is moderately wounded.
The ice devil hits you. The ice devil freezes you!
You slash the ice devil!
The ice devil is heavily wounded.
The ice devil misses you.
You hit the ice devil but do no damage.
The ice devil is heavily wounded.
The ice devil hits you! The ice devil freezes you!
* * * LOW HITPOINT WARNING * * *
You hit the ice devil.
The ice devil is heavily wounded.
You block the ice devil's attack.
You hit the ice devil but do no damage.
The ice devil is heavily wounded.
The ice devil hits you but does no damage.
You completely miss the ice devil.
The ice devil is heavily wounded.
You block the ice devil's attack.
You hit the ice devil.
The ice devil is severely wounded.
The ice devil hits you!
* * * LOW HITPOINT WARNING * * *
The ice devil freezes you!!
You die...

.......#...<.#............,,,,,,,
.......#.....#............,,,,,,,
.......#######............,,,,,,,
.................)........,******
............######........,+,,,,,
....#####...#....#'####...,*,,,,,
....#...+...#.........#,..,*,,,,,
....*,,,#...#.........#,,,,*,,,,,
...,*,,,#...#...@.....#,,,,*,,,,,
..,,*,,,#.###+#4###...#,,,,****+*
,,,,****#.# *...* *...#,,,,,,,,,,
,,,,,,,,..# ##.#* *...#,,,,,,,,,,
*,*,****,,***#.****...#,,,,,,,,,,
,,,,,,,*,,**,..,,**...#,,,,,,,,,,
*,*,,,,*,,**..,,,****##,,,,,,,,,,
,,,,,,,*,,**(.,,,**,,,,,,,*,*,,,,
,,,,,,,*,,**,,∩,,**,,,,,,,,,,,,,,


You could see an ice devil.

Vanquished Creatures
  A two-headed ogre (D:6)
  Pikel (D:8)
  A gargoyle (D:6)
  An unseen horror (D:11)
  An ice devil (D:11)
  A troll (D:6)
  A hornet (D:8)
  A shadow (D:9)
  8 yaks (D:10)
  3 steam dragons
  An acid dragon (D:11)
  A water moccasin (D:7)
  A black bear (D:6)
  11 orc warriors
  An ice beast (D:7)
  2 ogres
  4 centaurs
  A kobold brigand (D:6)
  3 lemures
  2 phantoms (D:4)
  3 bullfrogs
  4 scorpions
  2 gnoll sergeants
  16 wights
  15 killer bees
  3 howler monkeys
  An electric eel (D:10)
  4 hounds
  2 gnoll boudas
  8 orc priests
  Crazy Yiuf (D:6)
  2 sleepcaps
  3 iguanas
  8 orc wizards
  23 gnolls
  8 adders
  A white imp (D:8)
  2 ufetubi (D:5)
  A worm (D:2)
  3 dart slugs (D:4)
  55 orcs
  13 ball pythons
  2 bats (D:2)
  13 endoplasms
  9 giant cockroaches
  5 goblins
  6 hobgoblins
  10 quokkas
  10 frilled lizards
  8 kobolds
  9 rats
296 creatures vanquished.

Notes
Turn   | Place    | Note
-------+----------+-------------------------------------------
     0 | D:1      | Lobster4 the Hill Orc Fighter began the quest for the Orb.
     0 | D:1      | Reached XP level 1. HP: 19/19 MP: 1/1
   425 | D:1      | Reached XP level 2. HP: 27/27 MP: 2/2
  1038 | D:2      | Reached XP level 3. HP: 30/33 MP: 3/3
  1709 | D:3      | Reached XP level 4. HP: 22/40 MP: 4/4
  2285 | D:3      | Reached skill level 1 in Throwing
  2285 | D:3      | Reached XP level 5. HP: 33/47 MP: 5/5
  2822 | D:4      | Found a glowing drain.
  2826 | Sewer    | Entered a sewer
  3200 | Sewer    | Reached XP level 6. HP: 33/55 MP: 6/6
  3204 | Sewer    | Reached skill level 5 in Fighting
  3451 | D:4      | Reached skill level 5 in Axes
  3486 | D:4      | Reached XP level 7. HP: 61/61 MP: 7/7
  3729 | D:4      | Reached skill level 5 in Armour
  3729 | D:4      | Reached skill level 5 in Shields
  3891 | D:5      | Entered Level 5 of the Dungeon
  4479 | D:5      | Reached XP level 8. HP: 65/70 MP: 8/8
  5280 | D:5      | Reached skill level 1 in Evocations
  5585 | D:6      | Noticed a two-headed ogre
  5878 | D:6      | Noticed a troll
  6472 | D:6      | Reached XP level 9. HP: 64/68 MP: 9/9
  6544 | D:6      | Found a runed translucent door.
  6545 | D:6      | Noticed Crazy Yiuf
  6592 | D:6      | Noticed a gargoyle
  6614 | D:6      | Killed a gargoyle
  6617 | D:6      | HP: 1/79 [two-headed ogre/+0 great mace (26)]
  6620 | D:6      | Killed a two-headed ogre
  7155 | D:6      | Killed Crazy Yiuf
  7225 | D:7      | Found a staircase to the Ecumenical Temple.
  7238 | Temple   | Entered the Ecumenical Temple
  7256 | Temple   | Became a worshipper of Makhleb the Destroyer
  7331 | D:7      | Reached skill level 1 in Invocations
  7449 | D:6      | Killed a troll
  7450 | D:6      | Reached XP level 10. HP: 73/90 MP: 9/11
  7672 | D:7      | You fall into a shaft and drop 3 floors!
  7672 | D:10     | Entered Level 10 of the Dungeon
  7892 | D:9      | Reached * piety under Makhleb
  8128 | D:8      | Noticed Pikel
  9047 | D:7      | Found an opulent altar of Gozag.
  9687 | D:8      | Reached ** piety under Makhleb
  9688 | D:8      | Reached skill level 10 in Axes
  9817 | D:8      | Killed Pikel
  9818 | D:8      | Reached skill level 5 in Invocations
  9818 | D:8      | Reached XP level 11. HP: 80/99 MP: 14/14
 11025 | D:10     | Reached skill level 10 in Fighting
 11249 | D:10     | Reached *** piety under Makhleb
 11451 | D:10     | Found a staircase to the Orcish Mines.
 11887 | D:11     | Slain by an ice devil

Illustrated notes

Levels and vault maps discovered:
D:1:      wheals_arrival_shading, layout_loops_ring
D:2:      layout_basic, skrybe_limestone_x, minmay_hexomino_p4
D:3:      wad_crossroads, layout_basic, serial_curves, eino_curves_01,
          eino_curves_03
D:4:      nicolae_cairo_tiling_large_dashed, layout_rooms, gup_sewer_entry_bowl,
          roderic_malta_cross
D:5:      layout_loops_ring
D:6:      layout_basic, kb_rosetta, uniq_crazy_yiuf_cottage
D:7:      layout_cave_pools, lemuel_doored_altar, minmay_temple_entry_crystal_x,
          grunt_ministairs_5, grunt_decor_resistance, serial_bayou_pond_d
D:8:      layout_loops_ring, uniq_pikel
D:9:      lemuel_ice_statue, layout_basic
D:10:     layout_long_grid, erik_orc_2
D:11:     cheibrodos_histonic, layout_irregular_city, david_lair_shrubbed,
          portal_ice_cave_demonic_guard, serial_glass, glass_columns_c,
          glass_columns_a, glass_columns_a, glass_columns_b, glass_columns_a,
          glass_columns_b
Temple:   regret_index_temple_sigil_plot

Skill      XL: |  1  2  3  4  5  6  7  8  9 10 11 |
---------------+----------------------------------+-----
Axes           | 3 4 5 7 8 10 | 10.7
Fighting       | 4 5 6 7 8 9 10 | 10.2
Armour         | 4 5 6 7 8 9 |  9.3
Shields        | 4 5 6 7 8 9 |  9.4
Throwing       | 1 2 3 4 |  4.7
Evocations     | 2 3 |  3.0
Invocations    | 1 5 6 |  6.2

Action                     |  1- 3 |  4- 6 |  7- 9 | 10-12 || total
---------------------------+-------+-------+-------+-------++-------
  Melee: War axe           |    91 |   194 |   270 |   364 ||   919
  Throw: Dart              |     7 |    14 |    66 |    53 ||   140
         Boomerang         |       |       |    19 |    42 ||    61
         Javelin           |       |       |       |     3 ||     3
  Evoke: Wand              |       |       |       |     8 ||     8
    Use: Scroll            |       |    11 |     7 |     5 ||    23
         Potion            |       |       |     5 |       ||     5
 Armour: Scale mail        |    52 |       |       |   301 ||   353
         Plate armour      |    25 |   202 |   272 |    22 ||   521
  Dodge: Dodged            |    42 |    70 |    86 |   144 ||   342
  Block: Buckler           |    22 |    46 |    58 |    44 ||   170
         Kite shield       |       |       |       |   108 ||   108

Table legend: (Time is in decaauts)
 A = Elapsed time spent in this place.
 B = Non-inter-level travel time spent in this place.
 C = Inter-level travel time spent in this place.
 D = Time resting spent in this place.
 E = Time spent auto-exploring this place.
 F = Levels seen in this place.
 G = Mean time per level.
                   A        B        C        D        E       F      G
               +--------+--------+--------+--------+--------+-----+--------+
         Total |  12118 |  11556 |    562 |   2194 |   6064 |  13 |  932.2 |
       Dungeon |  11481 |  10953 |    528 |   2011 |   6005 |  11 | 1043.7 |
        Temple |     36 |      2 |     34 |      0 |      0 |   1 |   36.0 |
         Sewer |    600 |    600 |      0 |    183 |     58 |   1 |  600.0 |
               +--------+--------+--------+--------+--------+-----+--------+

Top non-repeatable levels by time:
     D:6: 1755 daAuts
     D:5: 1311 daAuts
    D:10: 1252 daAuts
     D:9: 1161 daAuts
     D:3: 1149 daAuts
     D:4: 1123 daAuts
     D:8: 988 daAuts
     D:2: 970 daAuts
     D:7: 881 daAuts
     D:1: 705 daAuts
   Sewer: 600 daAuts
    D:11: 183 daAuts
  Temple: 36 daAuts
